cohdb
Replays
Latest Replays
All Replays
Popular Replays
Top Player Replays
Match Explorer
How It Works
Community
CoH3 Stats
Reddit
Sign in to upload your games and track your stats! →
Sign in with Steam
Match 41647838
Unlisted
Match 41647838
Overview
Messages
Build Orders
End
250 Light Carrier
Selects Italian Infantry
Construct Light Support Kompanie
Combat Half-tracks
MG34 Team
MG34 Team
2.5-tonne Medical Truck
Panzerjäger Squad
Construct Mechanized Kompanie
Selects Defensive Operations
Selects Prepared Positions
Selects Guastatori Squad
Selects L6/40 Light Tank Combat Group
Construct Panzerarmee Kommand
Vehicle Survival Package
Tungsten Core Ammunition
Veteran Squad Leaders
Panzer III L Medium Tank
Panzer III L Medium Tank
Rapid Advance
Emergency Repair Kits
Advanced Optics
Advanced Field Repairs
Panzer III L Medium Tank
Armored Reserves
Tiger Heavy Tank
Support Armor Elements
Selects Obice 305mm Barrage
Selects Towed Cannone da 105/28 Field Howitzer
Obice 305mm Barrage
Panzer III L Medium Tank
Obice 305mm Barrage
TidaL
ጿ ኈ ቼ ዽ ጿ ጿ ኈ ቼ
LosCopain59
CPU - Expert
CPU - Expert
CPU - Expert
0
0
Comments
sign in to comment!
No comments posted yet!